[Event "Late-Titled-Tuesday-Blitz-February-13-2024"]
[Site "Chess.com"]
[Date "2024.02.13"]
[Round "9"]
[White "titomagno_64"]
[Black "The_Straightforward_Rook"]
[Result "1-0"]
[WhiteElo "2244"]
[BlackElo "2433"]
[TimeControl "180+1"]
[EndTime "15:44:56 PST"]
[Termination "titomagno_64 won by checkmate"]

1. d4 d5 2. c4 c6 3. Nf3 Nf6 4. Nc3 e6 5. g3 dxc4 6. Bg2 b5 7. Ne5 Nd5 8. O-O Bb7 9. e4 Nf6 10. Be3 Bd6 11. Qc2 O-O 12. Rad1 a6 13. Bh3 Nfd7 14.
Nxd7 Nxd7 15. e5 Be7 16. Bg2 Nb6 17. Be4 g6 18. h4 Nd5 19. Bh6 Re8 20. Qd2 Bf8 21.
Bg5 Qd7 22. h5 Bg7 23. Bg2 Nxc3 24. bxc3 Bf8 25. Bf6 c5 26. hxg6 fxg6 27. dxc5 Qxd2 28. Rxd2 Bxg2 29. Kxg2 Bxc5 30. Rd7 Bf8 31. Rh1 h5 32. g4 Bh6 33. gxh5 g5 34. f4 gxf4 35. Kf3 Rec8 36. Rg1+ Kf8 37. Rh7 b4 38. Rxh6 b3 39. axb3 cxb3 40.
Rg7 Rxc3+ 41. Ke4 Rc4+ 42. Kd3 Rd8+ 43. Kxc4 Rc8+ 44. Kd3 Rb8 45. Rh8# 1-0

[Event "Late-Titled-Tuesday-Blitz-February-13-2024"]
[Site "Chess.com"]
[Date "2024.02.13"]
[Round "9"]
[White "andjela_djidjika"]
[Black "azikom"]
[Result "0-1"]
[WhiteElo "2153"]
[BlackElo "2680"]
[TimeControl "180+1"]
[EndTime "15:44:58 PST"]
[Termination "azikom won by checkmate"]

1. e4 Nf6 2. e5 Nd5 3. d4 d6 4. Nf3 dxe5 5. Nxe5 Nd7 6. Nf3 g6 7. c4 N5f6 8. Nc3 Bg7 9. Be2 O-O 10. O-O b6 11. Re1 Bb7 12. h3 e6 13. Bf4 a6 14.
Qd2 Re8 15. Rad1 Ne4 16. Nxe4 Bxe4 17. Ng5 Bb7 18. Bf3 Bxf3 19. Nxf3 b5 20. Rc1 c6 21. Bg5 Qb6 22. b3 Rac8 23. Qf4 Qb8 24. Qh4 c5 25. d5 exd5 26. cxd5 Rxe1+ 27. Rxe1 Qd6 28. Qe4 Nf6 29.
Bxf6 Bxf6 30. h4 h5 31. Nd2 Rd8 32. Qf3 Bxh4 33. g3 Be7 34. Qe3 Qxd5 35. Ne4 Qd4 36. Qf3 c4 37. Nc3 Bb4 38. Rd1 Bxc3 39. Rxd4 Bxd4 40.
bxc4 bxc4 41. Qc6 c3 42. Kg2 Kg7 43. Qxa6 Bf6 44. Qc6 Rd2 45. a4 c2 46. a5 Bb2 47. a6 c1=Q 48. Qb6 Bd4 49. Qb7 Rxf2+ 50. Kh3 Qf1+ 51. Kh4 Bf6# 0-1

[Event "Late-Titled-Tuesday-Blitz-February-13-2024"]
[Site "Chess.com"]
[Date "2024.02.13"]
[Round "9"]
[White "tarno17"]
[Black "SmirnovTimofey2000"]
[Result "1-0"]
[WhiteElo "2119"]
[BlackElo "1959"]
[TimeControl "180+1"]
[EndTime "15:44:59 PST"]
[Termination "tarno17 won by resignation"]

1. e4 e5 2. Nf3 Nf6 3. Nxe5 d6 4. Nf3 Nxe4 5. d3 Nf6 6. d4 d5 7. Bd3 Bd6 8. O-O O-O 9. h3 h6 10. Re1 Re8 11. Nbd2 Nbd7 12. Nf1 Ne4 13. Ne3 Ndf6 14. Nxd5 c6 15. Nxf6+ Nxf6 16. c3 b5 17. Bc2 Be6 18. b3 Qc7 19. Qd3 Bf4 20. Bxf4 Qxf4 21. Re5 Bd5 22. Rae1 Be4 23. R5xe4 Nxe4 24. Rxe4 Rxe4 25. Qxe4 Qxe4 26. Bxe4 Rc8 27. Nd2 g6 28. g4 Kg7 29.
f4 c5 30. d5 Re8 31. Kf2 c4 32. bxc4 bxc4 33. Kf3 Rc8 34. Ke3 Re8 35. Kd4 f5 36.
gxf5 gxf5 37. Bxf5 Rf8 38. Be4 Rxf4 39. Nxc4 Rh4 40. d6 Kf6 41. Kd5 Rxh3 42. Kd4 Rh4 43. Ne3 Ke6 44. c4 Kxd6 45. Nf5+ Kc7 46. Nxh4 1-0

[Event "Late-Titled-Tuesday-Blitz-February-13-2024"]
[Site "Chess.com"]
[Date "2024.02.13"]
[Round "9"]
[White "Conejoviejo67"]
[Black "TheMagician"]
[Result "1-0"]
[WhiteElo "2442"]
[BlackElo "2221"]
[TimeControl "180+1"]
[EndTime "15:45:00 PST"]
[Termination "Conejoviejo67 won by resignation"]

1. e4 c5 2. Nc3 d6 3. g3 Nc6 4.
Bg2 g6 5. f4 Bg7 6. d3 e6 7.
Be3 Qa5 8. Qd2 Nd4 9. Nf3 Ne7 10.
O-O h5 11. h3 Nec6 12. Rae1 Nxf3+ 13. Bxf3 Nd4 14. Bg2 Bd7 15. a3 Bc6 16. f5 gxf5 17.
exf5 Be5 18. fxe6 fxe6 19. Bxc6+ bxc6 20. Bf4 Bxf4 21. Qxf4 O-O-O 22. b4 cxb4 23. Qxd4 bxc3 24. Rxe6 Rhg8 25. Kh2 Qc7 26. Qxc3 h4 27. g4 d5+ 28. Qe5 Qxe5+ 29. Rxe5 Kd7 30. Rf7+ Kd6 31. d4 Rde8 32. Rf6+ Kd7 33. Kg2 Rxe5 34. dxe5 Re8 35. Rf5 Rb8 36. Rf3 d4 37. Rd3 c5 38. Kf3 Ke6 39. Ke4 Rd8 40. c3 Rd5 41. cxd4 cxd4 42. Rxd4 Rxe5+ 43. Kf4 Rb5 44. Ra4 Rb3 45. Ra6+ Kd5 46. Rxa7 Rxh3 47. a4 Ke6 48.
Kg5 Rh1 49. a5 h3 50. a6 h2 51. Rh7 Ke5 52. a7 Ra1 53. Rxh2 Rxa7 54. Re2+ Kd6 55.
Kf6 Ra4 56. g5 Rf4+ 57. Kg7 Rf5 58. g6 Rf1 59. Kg8 Kd7 60. g7 Rf3 61. Re4 Rf2 62.
Kh7 Rh2+ 63. Kg6 Rg2+ 64. Kf6 Rf2+ 65. Kg5 Rg2+ 66. Rg4 Rxg4+ 67. Kxg4 1-0

[Event "Late-Titled-Tuesday-Blitz-February-13-2024"]
[Site "Chess.com"]
[Date "2024.02.13"]
[Round "9"]
[White "Sokoloco"]
[Black "Sl4werThanYou"]
[Result "0-1"]
[WhiteElo "2797"]
[BlackElo "2690"]
[TimeControl "180+1"]
[EndTime "15:45:03 PST"]
[Termination "Sl4werThanYou won on time"]

1. b3 b6 2. Bb2 Bb7 3. e3 e6 4.
Nf3 f5 5. d4 Nf6 6. c4 Bb4+ 7. Nc3 Ne4 8. Qc2 O-O 9. Be2 Nc6 10.
O-O Bxc3 11. Bxc3 Ne7 12. Bb2 Ng6 13. Ne1 Qg5 14. Bc1 Nh4 15. f3 Nf6 16. e4 Qg6 17. e5 Nh5 18. Kf2 f4 19. Qxg6 hxg6 20. Bd3 Nf5 21. Nc2 a5 22. Be4 Bc6 23. Rg1 g5 24. d5 Bb7 25. dxe6 Bxe4 26. fxe4 Ne3 27. Nxe3 fxe3+ 28. Kxe3 dxe6 29. g3 a4 30. b4 a3 31.
Ke2 Ra4 32. Rb1 g4 33. Be3 g6 34. Rgd1 Ng7 35. Rd7 Rf7 36. Rxf7 Kxf7 37. Bd2 Ne8 38. Kd3 c6 39. Kc3 Nc7 40. Kb3 Ra8 41. Bg5 Ke8 42.
Rd1 Na6 43. Rd6 c5 44. b5 Nb4 45. Rxe6+ Kd7 46. Rxb6 Re8 47. e6+ Kc7 48. Ra6 Nxa6 49. bxa6 Rxe6 50. a7 Kb7 51. Kxa3 Rxe4 52. Kb3 Re2 53. a4 Rxh2 54. a5 Kxa7 55. Ka4 Ka6 56. Bf4 Ra2+ 57. Kb3 Rxa5 58. Bd6 Kb6 59. Bf4 Ra8 60.
Be5 Kc6 61. Bf4 Rf8 62. Be5 Rf5 63. Bb8 Rf3+ 64. Kc2 Rf8 65. Be5 Kd7 66. Kb3 Ke6 67. Bc7 Rf7 0-1

[Event "Late-Titled-Tuesday-Blitz-February-13-2024"]
[Site "Chess.com"]
[Date "2024.02.13"]
[Round "9"]
[White "Payyappat"]
[Black "Rodalquilar"]
[Result "1/2-1/2"]
[WhiteElo "2577"]
[BlackElo "2763"]
[TimeControl "180+1"]
[EndTime "15:45:03 PST"]
[Termination "Game drawn by repetition"]

1. e4 d5 2. exd5 Qxd5 3. d4 Nc6 4. Nf3 Bg4 5. Be2 O-O-O 6. c4 Qf5 7. Be3 Bxf3 8.
Bxf3 Nxd4 9. Bxd4 Qe6+ 10. Be2 Qe4 11. O-O Qxd4 12. Qa4 e6 13. Nc3 c6 14. Rad1 Qe5 15.
Qxa7 Bd6 16. g3 Nf6 17. Bf3 Qc5 18. Qa4 Qb4 19. Bxc6 bxc6 20. Qxc6+ Bc7 21. Nb5 Qa5 22. c5 Nd5 23. Rxd5 Rxd5 24. b4 Rxc5 25. Qxc5 Qb6 26. Rc1 Kb7 27. Qxc7+ Qxc7 28. Rxc7+ Kb6 29. a4 Ra8 30.
Rxf7 Rxa4 31. Nd4 e5 32. Nf3 e4 33. Ng5 Rxb4 34. Rxg7 h6 35. Ne6 Kc6 36. Nf4 Kd6 37.
Rg6+ Ke5 38. Rxh6 Kf5 39. Kg2 Rb2 40. Rh5+ Kf6 41. h4 e3 42. Nd5+ Kg6 43. Rg5+ Kh6 44.
Nxe3 Rb6 45. Ng4+ Kh7 46. h5 Kh8 47. Rg6 Rb2 48. Kh3 Rb1 49. Ne5 Rb5 50. f4 Kh7 51. Nd7 Rxh5+ 52. Kg4 Kxg6 53. Ne5+ Kh6 54. Nf7+ Kg6 55.
Ne5+ Kh6 56. Nf7+ Kg6 57. Ne5+ 1/2-1/2

[Event "Late-Titled-Tuesday-Blitz-February-13-2024"]
[Site "Chess.com"]
[Date "2024.02.13"]
[Round "9"]
[White "KarolKacprzak"]
[Black "DeGrootteZ"]
[Result "0-1"]
[WhiteElo "2734"]
[BlackElo "2846"]
[TimeControl "180+1"]
[EndTime "15:45:04 PST"]
[Termination "DeGrootteZ won by checkmate"]

1. e4 c5 2. Nf3 d6 3. d4 cxd4 4.
Nxd4 Nf6 5. Nc3 Bd7 6. f3 e5 7.
Nb3 Be7 8. Be3 O-O 9. Qd2 a5 10. a4 Na6 11. Bb5 Be6 12. Nd5 Bxd5 13. exd5 Nb4 14.
c4 b6 15. O-O Rb8 16. Qf2 Nd7 17. Rad1 Nc5 18. Nxc5 bxc5 19. f4 Bf6 20. Kh1 Rb7 21.
f5 e4 22. b3 Qe7 23. Qd2 Nd3 24. Qxa5 Nb4 25. Bc6 Ra7 26. Qb5 Qc7 27. Bxc5 dxc5 28. Qxc5 Nxc6 29. dxc6 Ra6 30. Rfe1 Rxc6 31. Qd5 Rb6 32.
Rb1 Qb8 33. c5 Rd8 34. Qxe4 Rb4 35. Qf3 h5 36. Red1 Rxd1+ 37. Qxd1 Qf4 38. Qd3 Be5 39.
g3 Qf2 40. Rf1 Qb2 41. Rb1 Qf2 42. Rf1 Qxc5 43. Rd1 Qc6+ 44. Kg1 Bd4+ 45. Kf1 Qh1+ 46. Ke2 Qg2+ 47. Ke1 Qf2# 0-1

[Event "Late-Titled-Tuesday-Blitz-February-13-2024"]
[Site "Chess.com"]
[Date "2024.02.13"]
[Round "9"]
[White "Hikaru"]
[Black "LiemLe"]
[Result "1-0"]
[WhiteElo "3318"]
[BlackElo "3022"]
[TimeControl "180+1"]
[EndTime "15:45:06 PST"]
[Termination "Hikaru won by resignation"]

1. e4 e5 2. Bc4 Nf6 3. d3 Nc6 4. Ne2 d5 5. exd5 Nxd5 6. Nbc3 Be6 7. Bb3 Qd7 8. O-O O-O-O 9. Be3 f5 10. Nxd5 Bxd5 11. f4 g6 12. Ba4 Bg7 13. fxe5 Bxe5 14. Bg5 Rde8 15. c4 Bf7 16. d4 Bxd4+ 17. Nxd4 Qxd4+ 18. Qxd4 Nxd4 19. Bxe8 Rxe8 20. b3 Re2 21. Rf2 Re4 22.
Rd2 b6 23. Bf6 Ne6 24. Rad1 Be8 25. Kf1 Bc6 26. Re1 a5 27. Rxe4 Bxe4 28. Kf2 g5 29.
h4 h6 30. g3 f4 31. gxf4 Nxf4 32. hxg5 hxg5 33. Ke3 Bc6 34. Bxg5 Ne6 35. Bf6 a4 36. b4 b5 37. Kd3 Kb7 38. Rf2 bxc4+ 39. Kxc4 Kb6 40. Rf5 Kb7 41. Be5 Be4 42. Rf6 Nd8 43.
b5 Bb1 44. a3 Ba2+ 45. Kb4 Bb3 46. Rg6 Nf7 47. Bf4 Bc2 48. Rg7 Bb3 49. Bg3 Kc8 50.
Rg6 Kd7 51. Rc6 Nd6 52. Bxd6 cxd6 53. Ra6 Kc7 54. Rxa4 Bxa4 55. Kxa4 Kb6 56. Kb4 d5 57. a4 d4 58. a5+ Kb7 59. Kc4 1-0

[Event "Late-Titled-Tuesday-Blitz-February-13-2024"]
[Site "Chess.com"]
[Date "2024.02.13"]
[Round "9"]
[White "MusicCityMaster"]
[Black "Heinza9"]
[Result "1-0"]
[WhiteElo "2464"]
[BlackElo "2290"]
[TimeControl "180+1"]
[EndTime "15:45:06 PST"]
[Termination "MusicCityMaster won on time"]

1. d4 f5 2. g3 Nf6 3. Bg2 g6 4.
Nh3 Bg7 5. Nf4 O-O 6. h4 d6 7.
d5 c6 8. c4 cxd5 9. cxd5 Ng4 10. Nc3 Qb6 11. O-O Na6 12. e3 Bd7 13. Nce2 Nc5 14.
Nd4 Rac8 15. Rb1 a5 16. b3 a4 17. b4 a3 18. Bxa3 Na4 19. Rb3 Bxd4 20. exd4 Nc3 21. Qd2 Ne4 22. Bxe4 fxe4 23. Bb2 Ba4 24. Ra3 Bb5 25.
Re1 e3 26. Raxe3 Nxe3 27. Qxe3 Rf7 28. h5 g5 29. Ne6 h6 30. Qe4 Rf6 31. a3 Ba4 32. Bc1 Rc2 33. Be3 Qb5 34. Nd8 Qd7 35. Ne6 Bc6 36. Bxg5 Rxe6 37. Qxe6+ Qxe6 38. Rxe6 Bxd5 39. Rg6+ Kf7 40. Bxh6 Bf3 41. Kh2 Bxh5 42. Rg7+ Kf6 43. g4 Bg6 44. Kg3 Rc3+ 45. Kf4 Rxa3 46. g5+ Ke6 47. d5+ Kxd5 48. Rxg6 Rb3 49. Kg4 Rxb4+ 50. f4 b5 51. Rg8 e5 52. g6 1-0

[Event "Late-Titled-Tuesday-Blitz-February-13-2024"]
[Site "Chess.com"]
[Date "2024.02.13"]
[Round "9"]
[White "Oleksandr_Bortnyk"]
[Black "jefferyx"]
[Result "1-0"]
[WhiteElo "3068"]
[BlackElo "3034"]
[TimeControl "180+1"]
[EndTime "15:45:10 PST"]
[Termination "Oleksandr_Bortnyk won on time"]

1. e4 c6 2. c4 d5 3. cxd5 cxd5 4. exd5 Nf6 5. Qa4+ Nbd7 6. Nc3 g6 7. Nf3 Bg7 8. Bc4 a6 9. d3 Rb8 10. Bb3 b5 11. Qf4 Bb7 12. Be3 O-O 13. d6 exd6 14. Qxd6 Bxf3 15. gxf3 Re8 16. d4 Rb6 17.
Qf4 Nf8 18. d5 Nh5 19. Qb4 Bh6 20. Ne4 Bxe3 21. fxe3 Qh4+ 22. Ke2 Nd7 23. d6 Ne5 24. d7 Rd8 25. Qd4 Nxd7 26. Bxf7+ Kf8 27. Rad1 Qh3 28. Bb3 Qg2+ 29. Nf2 Rf6 30. Qg4 Nf4+ 31. Ke1 Re8 32. e4 Ne5 33. Qxg2 Nxg2+ 34. Ke2 Rxf3 35. Rd6 Nf4+ 36. Ke1 Rc8 37. Nd1 a5 38. Nc3 a4 39.
Bd1 Rd3 40. Nxb5 Rxd6 41. Nxd6 Rc6 42. Nb5 Rb6 43. Bxa4 Nfd3+ 44. Kd2 Nxb2 45. Nc3 Nbc4+ 46. Kc1 Rb2 47. Bc2 Rb8 48. Rf1+ Ke7 49. Rd1 Ne3 50. Nd5+ Nxd5 51. Rxd5 1-0

[Event "Late-Titled-Tuesday-Blitz-February-13-2024"]
[Site "Chess.com"]
[Date "2024.02.13"]
[Round "9"]
[White "ajeale2"]
[Black "trriinu"]
[Result "1-0"]
[WhiteElo "2505"]
[BlackElo "2253"]
[TimeControl "180+1"]
[EndTime "15:45:14 PST"]
[Termination "ajeale2 won by checkmate"]

1. c4 g6 2. Nc3 Bg7 3. Nf3 d6 4. g3 Nf6 5. Bg2 O-O 6. O-O c5 7. d4 Nbd7 8. e4 cxd4 9. Nxd4 Nc5 10. f3 Be6 11. b3 Qd7 12. Re1 Rac8 13. Be3 Bh3 14. Bh1 Ne8 15. Qd2 Ne6 16. Rad1 N8c7 17. Nde2 Na6 18. Bxa7 Nac5 19. Nd5 b5 20. Bxc5 Rxc5 21. cxb5 Rxb5 22. Bg2 Qa7+ 23. Qe3 Qxe3+ 24. Nxe3 Bxg2 25. Kxg2 Ra8 26. Rd2 Rba5 27. a4 Rb8 28.
Nd5 Raa8 29. Nxe7+ Kf8 30. Nc6 Rxb3 31. a5 Ra6 32.
Rxd6 Be5 33. Rxe6 Rxc6 34. Rxc6 Ra3 35. a6 Kg7 36. f4 Bf6 37. e5 Bd8 38. Rd1 Ba5 39.
Rb1 Ra2 40. Kf3 Bd2 41. Rb3 Ra5 42. h4 Be1 43. Rd3 h5 44. Nd4 Ra4 45. e6 fxe6 46.
Nxe6+ Kf7 47. Ng5+ Kg7 48. Rd7+ Kf8 49. Rc8# 1-0

[Event "Late-Titled-Tuesday-Blitz-February-13-2024"]
[Site "Chess.com"]
[Date "2024.02.13"]
[Round "9"]
[White "elchacal664"]
[Black "Nouali_Mohamed"]
[Result "1-0"]
[WhiteElo "2426"]
[BlackElo "2546"]
[TimeControl "180+1"]
[EndTime "15:45:17 PST"]
[Termination "elchacal664 won on time"]

1. e4 c5 2. c3 d5 3. d3 Nc6 4. Nd2 Nf6 5. g3 g6 6. Bg2 Ne5 7. Bf1 dxe4 8. Nxe4 Nxe4 9. dxe4 Qxd1+ 10. Kxd1 Bg4+ 11.
Kc2 O-O-O 12. Bf4 Bg7 13. h3 Be6 14. Be3 f5 15. Bxc5 fxe4 16. Bxe7 Rd7 17. Bg5 Nd3 18. Be3 Rf8 19. Rh2 a5 20. Ne2 Rdf7 21. Nd4 Bc4 22.
f4 Bxd4 23. Bxd4 Rc7 24. h4 b5 25. a3 Kb7 26. h5 g5 27. fxg5 a4 28. g6 Bb3+ 29.
Kd2 Rd8 30. Bxd3 exd3 31. Rc1 Rg8 32. g7 Bc4 33. h6 Rf7 34. g4 Rf3 35. g5 Re8 36.
Re1 Re2+ 37. Rhxe2 dxe2 38. Rxe2 Rd3+ 39. Ke1 Rg3 40. Re5 Rg2 41. Bf2 Kc7 42. Rf5 Kd7 43. Re5 Rg4 44. Be3 Rg2 45. Bf2 Rg4 46. Rc5 1-0

[Event "Late-Titled-Tuesday-Blitz-February-13-2024"]
[Site "Chess.com"]
[Date "2024.02.13"]
[Round "9"]
[White "Dewarfd"]
[Black "Vamostodorecto"]
[Result "0-1"]
[WhiteElo "2163"]
[BlackElo "2382"]
[TimeControl "180+1"]
[EndTime "15:45:18 PST"]
[Termination "Vamostodorecto won on time"]

1. d4 g6 2. e3 Bg7 3. Nf3 b6 4. Be2 Bb7 5. O-O d6 6. c4 Nd7 7. Nc3 e5 8. dxe5 Nxe5 9. Nxe5 Bxe5 10. Bf3 Bxf3 11. Qxf3 Ne7 12. Nd5 O-O 13. Rb1 Nf5 14. b3 c6 15. Nf4 Rc8 16. Bb2 Qf6 17. Bxe5 dxe5 18. Ne2 Kg7 19. Rbd1 Rfd8 20. Nc3 Nd6 21.
Qxf6+ Kxf6 22. Rd2 Ke7 23. Rfd1 f5 24. Kf1 Nb7 25. Ke2 Rxd2+ 26. Rxd2 Rd8 27. Rxd8 Nxd8 28. Kd3 Kd6 29. e4 Ne6 30. g3 a5 31. Ke3 Nd4 32. f4 Nc2+ 33. Kd2 Nb4 34. fxe5+ Kxe5 35. exf5 gxf5 36. Ke3 Nc2+ 37. Kf3 Nd4+ 38. Kf2 Ne6 39. Kf3 Ng5+ 40. Kf2 Kd4 41. Ne2+ Kd3 42. Nf4+ Kc2 43. h4 Ne4+ 44. Ke3 Nxg3 45. Ne6 Kb2 46. Nd4 Kxa2 47. Nxc6 Kxb3 48. Kf3 Nf1 49. Nd4+ Kxc4 50. Nxf5 a4 51. Ke2 Nh2 52. Ne3+ Kb3 53. Kd2 Nf3+ 0-1

[Event "Late-Titled-Tuesday-Blitz-February-13-2024"]
[Site "Chess.com"]
[Date "2024.02.13"]
[Round "9"]
[White "Grischuk"]
[Black "GMBenjaminBok"]
[Result "1/2-1/2"]
[WhiteElo "3094"]
[BlackElo "2996"]
[TimeControl "180+1"]
[EndTime "15:45:19 PST"]
[Termination "Game drawn by repetition"]

1. d4 Nf6 2. c4 e6 3. Bg5 h6 4.
Bh4 c5 5. d5 d6 6. Nc3 exd5 7.
Bxf6 Qxf6 8. Nxd5 Qd8 9. Qd2 Nc6 10. e3 Be7 11. Ne2 O-O 12. Nec3 Bf6 13. Be2 Be6 14.
O-O Bxc3 15. Nxc3 Qe7 16. Rad1 Rfd8 17. f4 f6 18. b3 Rd7 19. Bf3 Re8 20. Rfe1 Kh8 21. h3 Bf7 22. Kh2 a6 23. Qf2 Na7 24. Qg3 b5 25. Nd5 Qd8 26. Rd3 Nc8 27. Red1 bxc4 28. bxc4 Nb6 29. Nxb6 Qxb6 30. Qg4 Be6 31. Qg6 Bf7 32. Qg4 Be6 33. Qg6 Bf7 34. Qf5 Be6 35.
Qe4 Rdd8 36. Qc6 Qxc6 37. Bxc6 Re7 38. Bd5 Bxd5 39. Rxd5 Rxe3 40. Rxc5 dxc5 41. Rxd8+ Kh7 42. Rd5 Ra3 43. Rxc5 Rxa2 44. h4 a5 45. h5 a4 46.
Ra5 a3 47. Kg3 Rc2 48. Rxa3 Rxc4 49. Ra5 Rc3+ 50. Kg4 Rc2 51. g3 Rc3 52. Rb5 Rd3 53. Ra5 Rc3 54. Rb5 Rd3 55. Ra5 Rc3 1/2-1/2

[Event "Late-Titled-Tuesday-Blitz-February-13-2024"]
[Site "Chess.com"]
[Date "2024.02.13"]
[Round "9"]
[White "GaiozNigalidze"]
[Black "SergioMoralesG"]
[Result "0-1"]
[WhiteElo "2649"]
[BlackElo "2539"]
[TimeControl "180+1"]
[EndTime "15:45:19 PST"]
[Termination "SergioMoralesG won on time"]

1. e4 c5 2. Nf3 e6 3. d4 cxd4 4. Nxd4 Nc6 5. Nc3 Qc7 6. a3 a6 7.
Be3 b5 8. Nxc6 Qxc6 9. h4 Bb7 10. h5 h6 11. Rh4 d6 12. Qd4 Nf6 13. g4 Be7 14. g5 hxg5 15. Bxg5 Rxh5 16. Rxh5 Nxh5 17. Bxe7 Kxe7 18. a4 bxa4 19. Rxa4 Qc5 20. Qd2 Nf6 21. Rc4 Qb6 22. Na4 Qd8 23. e5 Nd5 24. Qg5+ Kf8 25. Qh5 dxe5 26. Qh8+ Ke7 27. Qxg7 Qh8 28. Qg5+ Qf6 29. Qd2 Rg8 30. Qa5 Kf8 31. Qc5+ Qe7 32.
Qxe7+ Kxe7 33. Nc5 Bc8 34. Nd3 f6 35. Rc6 Bb7 36.
Rc4 Rg1 37. f3 Kd6 38. Kf2 Rh1 39. Ra4 Rh2+ 40. Bg2 Nc7 41. Kg3 Rh8 42. c4 Rg8+ 43. Kf2 Bc6 44. c5+ Kd7 45. Rb4 Nd5 46. Rb3 Nf4 47.
Nxf4 exf4 48. Rb6 e5 49. Rxa6 Rb8 50. Ra7+ Ke8 0-1

[Event "Late-Titled-Tuesday-Blitz-February-13-2024"]
[Site "Chess.com"]
[Date "2024.02.13"]
[Round "9"]
[White "dosto07"]
[Black "Hirna2005"]
[Result "0-1"]
[WhiteElo "2496"]
[BlackElo "2316"]
[TimeControl "180+1"]
[EndTime "15:45:20 PST"]
[Termination "Hirna2005 won on time"]

1. e4 g6 2. d4 Bg7 3. Nf3 d6 4. Nc3 a6 5. a4 Nc6 6. Be2 e5 7.
dxe5 Nxe5 8. Nxe5 Bxe5 9. Be3 Bg7 10. O-O Nf6 11. Qd2 O-O 12. Bh6 Bg4 13. Bxg7 Kxg7 14.
f3 Be6 15. f4 Re8 16. Rad1 Qe7 17. Qd4 Bd7 18. Bc4 Bc6 19. Rde1 Rad8 20. Nd5 Bxd5 21. Bxd5 c6 22. Bb3 Kg8 23. f5 c5 24. Qd3 b5 25.
axb5 axb5 26. fxg6 hxg6 27. Qf3 Kg7 28. Bd5 Rh8 29. Rf2 Qe5 30. h3 Rd7 31. Ref1 Nxd5 32. exd5 f5 33. c3 Re7 34. Qd3 c4 35. Qd2 Qe3 36.
Qxe3 Rxe3 37. Ra1 Rhe8 38. Ra6 Re1+ 39. Kh2 R8e2 40. Rxe2 Rxe2 41. Rxd6 Rxb2 42. Rd7+ Kf6 43. Rb7 b4 44. cxb4 c3 45. Rc7 c2 46. d6 Ke6 47.
d7 Ke7 48. Kg3 Kd8 49. Rc4 Kxd7 50. Kh4 Kd6 51. g3 Kd5 52. Rc8 Rxb4+ 53. Kg5 Rc4 54. Rd8+ Ke6 55. Re8+ Kf7 56. Re1 c1=Q+ 57. Rxc1 Rxc1 58.
g4 fxg4 59. hxg4 Rc5+ 60. Kf4 Kf6 61. Ke4 Rc4+ 62. Kd3 Rxg4 0-1

[Event "Late-Titled-Tuesday-Blitz-February-13-2024"]
[Site "Chess.com"]
[Date "2024.02.13"]
[Round "9"]
[White "koncheto"]
[Black "GoValya"]
[Result "0-1"]
[WhiteElo "2452"]
[BlackElo "2263"]
[TimeControl "180+1"]
[EndTime "15:45:20 PST"]
[Termination "GoValya won by checkmate"]

1. e4 e6 2. d4 d5 3. Bd2 b6 4.
Bd3 Bb7 5. exd5 Bxd5 6. Nf3 Nf6 7. c4 Bb7 8. Nc3 Nc6 9. Be3 Be7 10. O-O O-O 11. h3 h6 12. Qd2 Nb4 13. Be2 Ne4 14.
Nxe4 Bxe4 15. Rad1 c5 16. a3 Nc2 17. dxc5 bxc5 18.
Qc1 Qb6 19. Ne5 Rfd8 20. Nd3 Nxe3 21. Qxe3 Bg6 22. Bf3 Rab8 23. Rfe1 Bf6 24. Be4 Bxe4 25. Qxe4 Rd4 26. Qf3 Rbd8 27. b4 cxb4 28. c5 Qb5 29. Nxb4 Qxc5 30. Rxd4 Rxd4 31. g3 Rc4 32. Re3 Rc1+ 33. Kg2 Qb5 34. Qa8+ Kh7 35. Qe4+ g6 36. Re1 Rxe1 37. Qxe1 Qb7+ 38. Kg1 Be7 39. Nc2 Qc6 40.
Qe2 Qd5 41. Ne3 Qe4 42. Qa6 Bc5 43. Ng4 Qb1+ 44. Kg2 Qe4+ 45. Kg1 Qb1+ 46. Kg2 Qf5 47. Kh2 h5 48. Qb7 hxg4 49. hxg4 Qxf2+ 50. Kh3 Qf1+ 51. Kh4 Qh1+ 52. Kg5 Qh6+ 53. Kf6 Qg7+ 54. Kg5 Be3+ 55.
Kh4 Qh6# 0-1

[Event "Late-Titled-Tuesday-Blitz-February-13-2024"]
[Site "Chess.com"]
[Date "2024.02.13"]
[Round "9"]
[White "nitpicker"]
[Black "deepfear"]
[Result "1-0"]
[WhiteElo "2232"]
[BlackElo "1982"]
[TimeControl "180+1"]
[EndTime "15:45:21 PST"]
[Termination "nitpicker won on time"]

1. d4 Nf6 2. c4 g6 3. Nc3 Bg7 4. e4 d6 5. Be2 O-O 6. Nf3 e5 7. O-O Nc6 8. d5 Ne7 9. a4 Ne8 10. Ne1 f5 11. f3 f4 12. a5 a6 13. Nd3 g5 14. b4 h5 15. Ba3 Rf7 16. c5 Bf8 17. b5 axb5 18. Bb4 Ng6 19. Nxb5 Rg7 20. h3 Nh4 21. Be1 Bd7 22. Na3 Nf6 23. Nc4 Ng6 24.
Bf2 g4 25. hxg4 hxg4 26. fxg4 Nxe4 27. Be1 dxc5 28. Ncxe5 Nxe5 29. Nxe5 Bd6 30. Nxd7 Qxd7 31. Bf3 Ng3 32. Bxg3 fxg3 33. Re1 Qd8 34. Qe2 Qh4 35. Qe6+ Kh8 36. Qf5 Rf8 37. Qh5+ Qxh5 38. gxh5 Re7 39. Rxe7 Bxe7 40. Rb1 Bf6 41. Rxb7 Bd4+ 42. Kf1 Re8 43. Rb1 Re3 44. Re1 Ra3 45. Re8+ Kg7 46. Ra8 Ra2 47.
Ke1 Ra1+ 48. Kd2 Ra2+ 49. Kd3 Ra3+ 50. Kc4 Ra4+ 51. Kb5 Ra1 52. Kc6 Kh6 53. Kxc7 Kg5 54. d6 Re1 55. d7 Re7 56. Kc8 Be5 57. d8=Q 1-0

[Event "Late-Titled-Tuesday-Blitz-February-13-2024"]
[Site "Chess.com"]
[Date "2024.02.13"]
[Round "9"]
[White "Zampronha1971"]
[Black "wanyaland"]
[Result "0-1"]
[WhiteElo "2348"]
[BlackElo "2489"]
[TimeControl "180+1"]
[EndTime "15:45:23 PST"]
[Termination "wanyaland won by resignation"]

1. e4 e5 2. Nf3 Nc6 3. d4 exd4 4. Nxd4 Bc5 5. Be3 Qf6 6. c3 d6 7. Be2 Nge7 8. O-O Bb6 9. Nb5 Kd8 10. Bxb6 axb6 11.
f4 Bd7 12. Nd2 Kc8 13. Nb3 Ng6 14. g3 h5 15. Bxh5 Nh4 16. Bg4 Bxg4 17. Qxg4+ Kb8 18.
gxh4 Rxh4 19. Qg5 Qxg5+ 20. fxg5 Ne5 21. g6 f6 22. Nd2 Nxg6 23. Kh1 Ne5 24. Rg1 g5 25. a3 Ra5 26. a4 Ng4 27. Nf3 Rh3 28.
Rxg4 Rxf3 29. Rg3 Rf4 30. Re3 Kc8 31. b3 Kd7 32. Kg2 c6 33. Nd4 Ra8 34. Rf1 Rxf1 35. Kxf1 Rh8 36. Kg2 Rh4 37. Kg3 Rf4 38. Ne2 Rh4 39.
Rf3 Ke7 40. Nd4 Rxe4 41. Nf5+ Ke6 42. Nd4+ Ke7 43. Kf2 d5 44. Re3 Kd6 45. Rxe4 dxe4 46. Ke3 Ke5 47. h3 f5 48. Ne2 f4+ 49. Kd2 f3 50. Nd4 Kf4 51. Ke1 e3 52. b4 Kg3 53. Kf1 e2+ 54. Nxe2+ fxe2+ 55. Kxe2 Kxh3 56. c4 g4 57. c5 bxc5 0-1

[Event "Late-Titled-Tuesday-Blitz-February-13-2024"]
[Site "Chess.com"]
[Date "2024.02.13"]
[Round "9"]
[White "TheAlienParty"]
[Black "reevecanada"]
[Result "0-1"]
[WhiteElo "2406"]
[BlackElo "2562"]
[TimeControl "180+1"]
[EndTime "15:45:24 PST"]
[Termination "reevecanada won on time"]

1. c4 c6 2. Nf3 d5 3. e3 Nf6 4.
b3 g6 5. Bb2 Bg7 6. Be2 O-O 7.
O-O Nbd7 8. Qc2 Re8 9. Rd1 e5 10. cxd5 cxd5 11. Nc3 a6 12. h3 b5 13. Bf1 Bb7 14.
d4 e4 15. Ne1 Rc8 16. Qd2 Nb6 17. Rac1 Qd7 18. Ba3 Bf8 19. Bxf8 Kxf8 20. Rc2 Kg7 21. Rdc1 b4 22. Ne2 a5 23. Nf4 Qd6 24. Rc5 g5 25. Ne2 Ra8 26. Ng3 Kg6 27. Bb5 Re7 28. Bc6 Nc4 29. bxc4 Bxc6 30. cxd5 Bxd5 31. Qe2 a4 32. Qb2 Rb7 33. Nf3 a3 34. Qb1 Qe6 35.
Ne5+ Kg7 36. Rxd5 Qxd5 37. Rc5 Qe6 38. Rc6 Qd5 39. Rc4 b3 40. axb3 a2 41. Qa1 Rxb3 42.
Nf5+ Kf8 43. Rc1 Qb7 44. Kh2 Rb1 45. Qc3 a1=Q 46. Qc5+ Kg8 47. Nh6+ Kg7 48. Nf5+ Kh8 49. Qd6 Qaa6 50. Rc6 Qaxc6 51. Nxc6 Ng8 52. Qe5+ f6 53. Qe6 Rb6 0-1

[Event "Late-Titled-Tuesday-Blitz-February-13-2024"]
[Site "Chess.com"]
[Date "2024.02.13"]
[Round "9"]
[White "tptagain"]
[Black "KuzubovYuriy"]
[Result "1-0"]
[WhiteElo "2881"]
[BlackElo "2978"]
[TimeControl "180+1"]
[EndTime "15:45:27 PST"]
[Termination "tptagain won by resignation"]

1. d4 g6 2. e4 Bg7 3. Be3 d6 4. Qd2 a6 5. c4 Nf6 6. f3 e5 7. d5 Nfd7 8. Nc3 O-O 9. h4 f5 10. exf5 gxf5 11. Bg5 Qe8 12. h5 b5 13. h6 Bf6 14. cxb5 Nc5 15. b4 Ncd7 16. Nh3 Nb6 17.
a4 axb5 18. Bxb5 Bd7 19. Bxd7 N8xd7 20. O-O Qg6 21. Bxf6 Nxf6 22. a5 Nc8 23. Nb5 Ne7 24. Nxc7 Rac8 25. Ne6 Rfe8 26. Ng7 Red8 27. a6 f4 28. Ne6 Re8 29. Rfc1 Nfxd5 30. Rxc8 Rxc8 31. Neg5 Rc2 32. Qxc2 Qxc2 33. a7 Nb6 34. a8=Q+ Nxa8 35. Rxa8+ Nc8 36. Ne4 Qc6 37. Rb8 Qc7 38. Ra8 Qb7 39.
Ra1 Qxb4 40. Nhg5 Qd4+ 41. Kh2 Qxa1 42. Nf6+ Kf8 43. Nfxh7+ Ke7 44. Ne4 d5 45. Nhg5 Nd6 46. h7 Qa8 47. Nxd6 Kxd6 48. Nf7+ Kc5 49. h8=Q Qxh8+ 50. Nxh8 d4 51. Ng6 d3 52. Nxe5 d2 53. Nd3+ Kd4 54. Nf2 Ke3 55. Nd1+ Ke2 56. Nb2 Ke3 57. Kh3 Kf2 58. Kg4 Kxg2 59. Kxf4 Kf2 60. Ke4 Ke2 61. f4 1-0